 Dungeon Crawl Stone Soup version 0.28-a0-512-g960c72b710 (webtiles) character file.

Game seed: 9751494062666301587

149 Lekart the Vexing (level 5, -6/61 HPs)
             Began as a Draconian Arcane Marksman on Sept 22, 2021.
             Was a Priest of Elyvilon.
             Killed by divine providence
             ... invoked by an orc priest
              (12 damage)
             ... on level 3 of the Dungeon.
             The game lasted 00:04:56 (3433 turns).

Lekart the Vexing (Draconian Arcane Marksman)       Turns: 3433, Time: 00:04:57

Health: -6/61      AC: 29    Str: 13    XL:     5   Next: 9%
Magic:  6/6        EV:  2    Int: 13    God:    Elyvilon [***...]
Gold:   63         SH:  3    Dex: 12    Spells: 4/6 levels left

rFire   . . .      SeeInvis .   c - +0 flail (protect)
rCold   . . .      Faith    .   g - +0 buckler
rNeg    + + +      Spirit   .   (armour unavailable)
rPois   +          Reflect  .   (helmet currently unavailable)
rElec   .          Harm     .   (cloak currently unavailable)
rCorr   .          Rampage  .   (gloves currently unavailable)
Will    .....      NoTele   +   (boots currently unavailable)
Stlth   +.........              (no amulet)
HPRegen 0.20/turn               (no ring)
MPRegen 0.10/turn               (no ring)

@: tree-form, under a protective aura, attractive
A: stationary, stasis, torment immunity, boosted hp, AC +5, unfitting armour,
(cold-blooded)
a: Renounce Religion, Lesser Healing, Heal Other, Purification, Divine
Protection


You were on level 3 of the Dungeon.
You worshipped Elyvilon.
Elyvilon was most pleased with you.
You were a tree.
You visited 1 branch of the dungeon, and saw 3 of its levels.

You collected 63 gold pieces.

Inventory:

Hand Weapons
 c - a +0 flail of protection (weapon)
Missiles
 a - 5 javelins (quivered)
 b - a throwing net
Armour
 g - a +0 buckler (worn)
 h - a +0 pair of gloves (melded)
Wands
 m - a wand of iceblast (22)
Scrolls
 d - a scroll of fear {unknown}
 f - a scroll of vulnerability {unknown}
 i - a scroll of silence {unknown}
 j - 2 scrolls of magic mapping {unknown}
 k - a scroll of teleportation {unknown}
 n - a scroll of fog {unknown}
 o - a scroll of identify {unknown}
Potions
 e - a potion of flight


   Skills:
 + Level 2.0 Fighting
 + Level 2.5 Maces & Flails
 + Level 2.1 Throwing
 + Level 2.7 Dodging
 + Level 0.4 Stealth
 + Level 0.4 Shields
 + Level 1.0 Unarmed Combat
 + Level 1.2 Spellcasting
 + Level 3.0 Hexes
 + Level 0.1 Invocations


You had 4 spell levels left.
You knew the following spells:

 Your Spells              Type           Power      Damage    Failure   Level
a - Slow                  Hex            8%         N/A       19%         2

Your spell library contained the following spells:

 Spells                   Type           Power      Damage    Failure   Level
 Corpse Rot               Necr/Air       N/A        N/A       54%         2
 Inner Flame              Hex/Fire       4%         N/A       56%         3
 Portal Projectile        Hex/Tloc       8%         N/A       56%         3
 Cause Fear               Hex            4%         N/A       77%         4
 Dispel Undead            Necr           0%         3d6       99%         4
 Conjure Ball Lightning   Conj/Air       0%         3x3d6     100%        6
 Death Channel            Necr           0%         N/A       100%        6
 Discord                  Hex            4%         N/A       100%        8
 Disjunction              Tloc           0%         N/A       100%        8


Dungeon Overview and Level Annotations

Branches:
Dungeon (3/15)

Altars:
Elyvilon


Innate Abilities, Weirdness & Mutations

You are a tree.
Your roots penetrate the ground, keeping you stationary.
You cannot be teleported.
You are immune to unholy pain and torment.
Your maximum health is greatly increased.
Your equipment is partially melded.
((Your plain brown scales are hard. (AC +5)))
You cannot fit into any form of body armour.
((You are cold-blooded and may be slowed by cold attacks.))


Message History

* * * LOW HITPOINT WARNING * * *
You block the orc's attack.
It was a potion of attraction.
You feel attractive to monsters.
The orc priest hits you with a +0 hand axe.
Elyvilon protects you from harm! The orc completely misses you.
It was a potion of lignification.
You turn into a tree.
Your +0 pair of gloves melds into your body.
Your roots penetrate the ground.
The orc priest hits you but does no damage.
The orc hits you but does no damage.
You closely miss the orc priest. You block the orc priest's attack.
The orc hits you but does no damage.
The orc priest hits you but does no damage.
You hit the orc priest.
Your weapon exudes an aura of protection.
The orc priest is heavily wounded.
The orc hits you but does no damage.
The orc priest hits you but does no damage.
The orc hits you but does no damage. The orc wizard is attracted toward you.
You closely miss the orc priest.
The orc priest is heavily wounded.
The orc priest hits you with a +0 hand axe.
* * * LOW HITPOINT WARNING * * *
The orc hits you but does no damage.
You hit the orc priest.
The orc priest is severely wounded.
The orc priest hits you but does no damage.
The orc completely misses you. The orc hits you but does no damage.
You hit the orc priest.
The orc priest is almost dead.
The orc priest hits you but does no damage.
The orc wizard hits you but does no damage.
The orc hits you but does no damage.
You hit the orc priest.
The orc priest is almost dead.
The orc priest calls down the wrath of Beogh upon you.
Beogh smites you!
You die...

..####.#.....#.###.#.#####'###.#
.......#.........#.#.### ### #.#
..######.#+#.#.#.#.....# #.#
......<#.#.#.#.#.#.....#### #.#
#...####.#.#.#.#.#.....'..# #.#
###.# #.#.#.#.#.#.....##.####.##
#.# #.#.#.#.#.#.....'...#.....
#.# #.#.#.#.#.#.....##..#.#...
#.# #.#<#.#.o♣..[....# .#.####
#.# #.#.#.#.oo######.# #.# #.#
#.#o#.#...######.# #.# #.#
#.#.#........... # #.# #.#
#.#o####.###### #.# #.#
#.#o####.############.#### #.#
#.#...o................... #.#
#.######.############.#### #.#
#.# #.##...........# #.


You could see an orc priest, an orc wizard and an orc.

Vanquished Creatures
  Ijyb (D:3)
  Natasha (D:3)
  5 adders
  2 worms
  2 dart slugs
  An orc (D:3)
  2 ball pythons
  2 endoplasms (D:1)
  2 giant cockroaches
  6 hobgoblins
  2 jackals (D:1)
  A quokka (D:1)
  2 bats
  A frilled lizard (D:1)
  11 goblins
  4 rats
45 creatures vanquished.

Notes
Turn   | Place    | Note
-------+----------+-------------------------------------------
     0 | D:1      | Lekart the Draconian Arcane Marksman began the quest for
                  | the Orb.
     0 | D:1      | Reached XP level 1. HP: 16/16 MP: 2/2
    28 | D:1      | Found a faded altar of an unknown god.
    38 | D:1      | Became a worshipper of Elyvilon the Healer
    38 | D:1      | Reached * piety under Elyvilon
   230 | D:1      | Reached XP level 2. HP: 21/23 MP: 3/3
   232 | D:1      | Reached skill level 1 in Unarmed Combat
   615 | D:2      | Reached XP level 3. HP: 15/29 MP: 4/4
   829 | D:2      | Learned a level 2 spell: Slow
   911 | D:2      | Reached ** piety under Elyvilon
  1482 | D:2      | Reached skill level 1 in Maces & Flails
  1621 | D:2      | Reached XP level 4. HP: 17/36 MP: 5/5
  2253 | D:3      | Noticed Natasha
  2285 | D:3      | Killed Natasha
  2625 | D:3      | Noticed Ijyb
  2654 | D:3      | Killed Ijyb
  2655 | D:3      | Reached XP level 5. HP: 31/41 MP: 6/6
  2971 | D:3      | Reached skill level 3 in Hexes
  3030 | D:3      | Reached *** piety under Elyvilon
  3426 | D:3      | Elyvilon protects you from harm!
  3433 | D:3      | Killed from afar by an orc priest

Illustrated notes

Levels and vault maps discovered:
D:1:      psy_arrival_spokes, layout_rooms, basic_ecumenical_altar
D:2:      layout_basic, small_statue_intersection, serial_bayou_pond_d,
          serial_bayou_pond_d
D:3:      cheibrodos_greedy_goblins, layout_basic, uniq_ijyb, uniq_natasha

Skill      XL: |  1  2  3  4  5 |
---------------+----------------+-----
Dodging        | 2 |  2.7
Unarmed Combat | 1 |  1.0
Throwing       | 2 |  2.1
Maces & Flails | 1 2 |  2.5
Fighting       | 2 |  2.0
Hexes          | 3 |  3.0
Stealth        | |  0.4
Shields        | |  0.4
Spellcasting   | |  1.2
Invocations    | |  0.1

Action                   |  1- 3 |  4- 6 || total
-------------------------+-------+-------++-------
Melee: Flail             |   117 |   118 ||   235
       Unarmed           |    12 |       ||    12
       Tailslap          |    15 |    11 ||    26
       Punch             |     1 |       ||     1
Throw: Javelin           |     5 |       ||     5
       Throwing net      |     1 |       ||     1
 Cast: Slow              |     2 |     2 ||     4
Invok: Lesser Healing    |     2 |       ||     2
  Use: Potion            |       |     3 ||     3
 Stab: Sleeping          |     1 |     1 ||     2
Armor: Skin              |    69 |    66 ||   135
Dodge: Dodged            |   133 |    75 ||   208
Block: Buckler           |     3 |    23 ||    26

Table legend: (Time is in decaauts)
 A = Elapsed time spent in this place.
 B = Non-inter-level travel time spent in this place.
 C = Inter-level travel time spent in this place.
 D = Time resting spent in this place.
 E = Time spent auto-exploring this place.
 F = Levels seen in this place.
 G = Mean time per level.
                   A        B        C        D        E       F      G
               +--------+--------+--------+--------+--------+-----+--------+
         Total |   3546 |   3463 |     83 |    464 |   2346 |   3 | 1182.0 |
       Dungeon |   3546 |   3463 |     83 |    464 |   2346 |   3 | 1182.0 |
               +--------+--------+--------+--------+--------+-----+--------+

Top non-repeatable levels by time:
     D:2: 1811 daAuts
     D:3: 1206 daAuts
     D:1: 528 daAuts
